 Dungeon Crawl Stone Soup version 0.24.0-123-gd5b16e6ec5 (webtiles) character file.

Game seed: 418837868771842036, levelgen mode: deterministic

109 MendTheBones the Magician (level 4, -7/32 HPs)
             Began as a Gnoll Wizard on Jan 13, 2020.
             Mangled by a river rat (9 damage)
             ... on level 3 of the Dungeon.
             The game lasted 00:05:55 (2314 turns).

MendTheBones the Magician (Gnoll Wizard)            Turns: 2314, Time: 00:05:55

Health: -7/32      AC:  7    Str: 10    XL:     4   Next: 90%
Magic:  0/13       EV: 13    Int: 21    God:
Gold:   85         SH:  0    Dex: 13    Spells: 6/17 levels left

rFire    . . .     SeeInvis .   g - +0 club
rCold    . . .     Gourm    .   (no shield)
rNeg     . . .     Faith    .   h - +3 leather armour
rPois    .         Spirit   .   b - +0 hat
rElec    .         Reflect  .   f - +0 cloak
rCorr    .         Harm     .   (no gloves)
MR       .....                  (no boots)
Stlth    +.........             (no amulet)
HPRegen  0.10/turn              (no ring)
MPRegen  0.13/turn              (no ring)

@: very slow
A: distributed training, fangs 1, strong nose
a: no special abilities


You were on level 3 of the Dungeon.
You were not hungry.

You visited 1 branch of the dungeon, and saw 3 of its levels.
You also visited: Sewer.

You collected 85 gold pieces.

Inventory:

Hand Weapons
 g - a +0 club (weapon)
Armour
 a - a +0 robe
 b - a +0 hat (worn)
 f - a +0 cloak (worn)
 h - a +3 leather armour (worn)
Jewellery
 k - an uncursed ring of wizardry {unknown}
 m - an uncursed ring of ice {unknown}
 r - an uncursed ring of magical power {unknown}
Scrolls
 n - a scroll of magic mapping {unknown}
 s - a scroll of fog
Potions
 c - a potion of might {unknown}
 e - a potion of invisibility
 i - a potion of cancellation {unknown}
 j - a potion of magic {unknown}
 l - a potion of curing {unknown}
 p - a potion of lignification {unknown}
 q - a potion of degeneration {unknown}
Comestibles
 d - 3 rations


   Skills:
 + Level 1.2 Fighting
 + Level 1.2 Short Blades
 + Level 1.2 Long Blades
 + Level 1.2 Axes
 + Level 1.2 Maces & Flails
 + Level 1.2 Polearms
 + Level 1.2 Staves
 + Level 1.2 Slings
 + Level 1.2 Bows
 + Level 1.2 Crossbows
 + Level 1.2 Throwing
 + Level 1.2 Armour
 + Level 4.7 Dodging
 + Level 4.3 Stealth
 + Level 1.2 Shields
 + Level 1.2 Unarmed Combat
 + Level 7.2 Spellcasting
 + Level 2.3 Conjurations
 + Level 1.0 Hexes
 + Level 1.0 Charms
 + Level 2.3 Summonings
 + Level 1.0 Necromancy
 + Level 2.3 Translocations
 + Level 1.0 Transmutations
 + Level 1.0 Fire Magic
 + Level 1.0 Ice Magic
 + Level 1.0 Air Magic
 + Level 1.0 Earth Magic
 + Level 1.0 Poison Magic
 + Level 1.3 Invocations
 + Level 1.2 Evocations


You had 6 spell levels left.
You knew the following spells:

 Your Spells              Type           Power        Failure   Level  Hunger
a - Magic Dart            Conj           ###.         4%          1    None
b - Call Imp              Summ           ###.....     7%          2    None
e - Conjure Flame         Conj/Fire      ##......     17%         3    None
f - Mephitic Cloud        Conj/Pois/Air  ##......     19%         3    None
i - Blink                 Tloc           N/A          7%          2    None

Your spell library contained the following spells:

 Spells                   Type           Power        Failure   Level  Hunger
 Slow                     Hex            ##......     11%         2    None


Dungeon Overview and Level Annotations

Branches:
Dungeon (3/15)              Sewer (visited)

Altars:


Innate Abilities, Weirdness & Mutations

Your experience applies equally to all skills.
You have very sharp teeth.
Your uncanny sense of smell can sniff out nearby items.


Message History

Casting: Blink (safe; 7% risk of failure)
Confirm with . or Enter, or press ? or * to list all spells.
You don't have enough magic to cast that spell.
Things that are here:
a +0 club; a kobold skeleton
Casting: Blink (safe; 7% risk of failure)
Confirm with . or Enter, or press ? or * to list all spells.
You blink.
Splash!
The river rat barely misses you.
Casting: Blink (safe; 7% risk of failure)
Confirm with . or Enter, or press ? or * to list all spells.
You don't have enough magic to cast that spell.
Your unstable footing causes you to fumble your attack.
The river rat misses you.
Your unstable footing causes you to fumble your attack.
The river rat bites you.
* * * LOW HITPOINT WARNING * * *
The river rat bites you!
You die...

## ..######.b
#.........
#.........
#.........
##........
##########........
#≈.@rr≈)≈≈....######
##########..........
#...........
#...........
#....###≈..≈
#...#...#≈≈#
###.#.⌠.#≈≈#
#.#...#≈≈#
#..###≈≈≈≈


You could see 2 river rats.

Vanquished Creatures
  2 adders
  A worm (D:2)
  2 dart slugs (D:1)
  2 leopard geckos (D:1)
  An orc (D:3)
  A bat (D:3)
  13 giant cockroaches
  6 goblins
  9 hobgoblins
  4 jackals (D:2)
  7 kobolds
  A quokka (D:2)
  3 ball pythons
  4 frilled lizards (D:1)
  6 rats
62 creatures vanquished.

Vanquished Creatures (collateral kills)
  2 river rats (Sewer)
  2 rats (Sewer)
4 creatures vanquished.

Grand Total: 66 creatures vanquished

Notes
Turn   | Place    | Note
-------+----------+-------------------------------------------
     0 | D:1      | MendTheBones the Gnoll Wizard began the quest for the Orb.
     0 | D:1      | Reached XP level 1. HP: 13/13 MP: 8/8
   252 | D:1      | Reached XP level 2. HP: 19/19 MP: 7/10
   257 | D:1      | Learned a level 2 spell: Call Imp
   260 | D:1      | Learned a level 2 spell: Blink
   673 | D:1      | You fall into a shaft and drop 1 floor!
   687 | D:1      | Reached XP level 3. HP: 25/25 MP: 6/11
  1008 | D:2      | Learned a level 3 spell: Conjure Flame
  1012 | D:2      | Learned a level 3 spell: Mephitic Cloud
  1024 | D:2      | Reached skill level 1 in Invocations
  1240 | D:2      | Reached skill level 1 in Fighting
  1240 | D:2      | Reached skill level 1 in Short Blades
  1240 | D:2      | Reached skill level 1 in Long Blades
  1240 | D:2      | Reached skill level 1 in Axes
  1240 | D:2      | Reached skill level 1 in Maces & Flails
  1240 | D:2      | Reached skill level 1 in Polearms
  1240 | D:2      | Reached skill level 1 in Staves
  1240 | D:2      | Reached skill level 1 in Slings
  1240 | D:2      | Reached skill level 1 in Bows
  1240 | D:2      | Reached skill level 1 in Crossbows
  1240 | D:2      | Reached skill level 1 in Throwing
  1240 | D:2      | Reached skill level 1 in Armour
  1240 | D:2      | Reached skill level 1 in Shields
  1240 | D:2      | Reached skill level 1 in Unarmed Combat
  1240 | D:2      | Reached skill level 1 in Evocations
  1407 | D:2      | Reached XP level 4. HP: 32/32 MP: 7/13
  2123 | D:3      | Found a glowing drain.
  2132 | D:3      | Reached skill level 1 in Hexes
  2132 | D:3      | Reached skill level 1 in Charms
  2132 | D:3      | Reached skill level 1 in Necromancy
  2132 | D:3      | Reached skill level 1 in Transmutations
  2132 | D:3      | Reached skill level 1 in Fire Magic
  2132 | D:3      | Reached skill level 1 in Ice Magic
  2132 | D:3      | Reached skill level 1 in Air Magic
  2132 | D:3      | Reached skill level 1 in Earth Magic
  2132 | D:3      | Reached skill level 1 in Poison Magic
  2185 | Sewer    | Entered a sewer
  2314 | D:3      | Mangled by a river rat

Levels and vault maps discovered:
D:1:      dpeg_arrival_circle_labyrinth_b, layout_rooms
D:2:      minmay_roachtagon, layout_basic
D:3:      layout_basic, portal_sewer_entry_d, kennysheep_cross_room,
          grunt_ministairs_8, fountainhead, uniq_crazy_yiuf_cottage

Skill      XL: |  1  2  3  4 |
---------------+-------------+-----
Conjurations   | 2 |  2.3
Summonings     | 2 |  2.3
Translocations | 2 |  2.3
Invocations    | 1 |  1.3
Fighting       | 1 |  1.2
Short Blades   | 1 |  1.2
Long Blades    | 1 |  1.2
Axes           | 1 |  1.2
Maces & Flails | 1 |  1.2
Polearms       | 1 |  1.2
Staves         | 1 |  1.2
Slings         | 1 |  1.2
Bows           | 1 |  1.2
Crossbows      | 1 |  1.2
Throwing       | 1 |  1.2
Armour         | 1 |  1.2
Shields        | 1 |  1.2
Unarmed Combat | 1 |  1.2
Evocations     | 1 |  1.2
Hexes          | 1 |  1.0
Charms         | 1 |  1.0
Necromancy     | 1 |  1.0
Transmutations | 1 |  1.0
Fire Magic     | 1 |  1.0
Ice Magic      | 1 |  1.0
Air Magic      | 1 |  1.0
Earth Magic    | 1 |  1.0
Poison Magic   | 1 |  1.0
Dodging        | |  4.7
Stealth        | |  4.3
Spellcasting   | |  7.2

Action                   |  1- 3 |  4- 6 || total
-------------------------+-------+-------++-------
Melee: Club              |     3 |    11 ||    14
 Cast: Magic Dart        |    74 |    72 ||   146
       Conjure Flame     |     1 |       ||     1
       Mephitic Cloud    |     1 |       ||     1
       Blink             |       |     4 ||     4
       Call Imp          |       |     4 ||     4
  Use: Scroll            |       |     5 ||     5
  Eat: Chunk             |     1 |     3 ||     4
Armor: Robe              |     2 |       ||     2
       Leather armour    |     2 |    22 ||    24
Dodge: Dodged            |     9 |    47 ||    56
